[ PARTIDA AOE2 · #507061575 ]
UnrankedDrávidas vs Burgundians
Equipo del jugador · VICT
Equipo rival · DERR
[ ANÁLISIS DE REPETICIÓN · EXTRAÍDO DE LA PARTIDA GRABADA ]
Feudal
11:10
Castillos
—
Imperial
—
| APM promedio | 80.2 |
| APM pico | 132 |
| eAPM promedio | 29.3 |
| Aldeanos / militares | 57 / 28 |
Foco
⚔️ 49.2% · 🌾 50.8%
Archer ×23 · Militia ×5
Feudal
9:06
Castillos
—
Imperial
—
| APM promedio | 55.7 |
| APM pico | 88 |
| eAPM promedio | 22.6 |
| Aldeanos / militares | 58 / 13 |
Foco
⚔️ 25.8% · 🌾 74.2%
Militia ×8 · Skirmisher ×4 · Archer ×1
Mapa de la partida
Recursos iniciales + cada clic de construcción. Líneas = muros · curvas = relieve. ◆ oro · ⬟ piedra · ● bayas · ✦ reliquia · ◌ hueco del cierre
Tu base· Abierta — flanco sin cerrar
Base de Minh Anh· Abierta — flanco sin cerrar
Terreno inicial suavizado · ◌ = hueco del cierre detectado · pasá el cursor para detalles
Inputs por minuto
— DGHIR | chanchilaru - - Minh Anh
Build order — DGHIR | chanchilaru
125 acciones detectadas en el replay
| 0:00 | Crear | Villager (Male) |
| 0:00 | Crear | Villager (Male) |
| 0:01 | Crear | Villager (Male) |
| 0:02 | Construir | House |
| 0:03 | Construir | House |
| 0:07 | Crear | Villager (Male) |
| 0:07 | Crear | Villager (Male) |
| 1:38 | Crear | Villager (Male) |
| 1:39 | Crear | Villager (Male) |
| 2:02 | Crear | Villager (Male) |
| 2:02 | Crear | Villager (Male) |
| 2:12 | Construir | Barracks |
| 2:25 | Crear | Villager (Male) |
| 2:25 | Crear | Villager (Male) |
| 2:47 | Crear | Villager (Male) |
| 2:47 | Crear | Villager (Male) |
| 3:04 | Construir | House |
| 3:13 | Crear | Militia |
| 3:17 | Crear | Militia |
| 3:29 | Crear | Villager (Male) |
| 3:39 | Crear | Villager (Male) |
| 3:39 | Crear | Villager (Male) |
| 3:52 | Crear | Militia |
| 3:52 | Crear | Militia |
| 4:17 | Crear | Militia |
| 4:20 | Crear | Villager (Male) |
| 4:21 | Crear | Villager (Male) |
| 4:21 | Crear | Villager (Male) |
| 4:34 | Construir | House |
| 4:46 | Crear | Villager (Male) |
| 4:46 | Crear | Villager (Male) |
| 4:47 | Crear | Villager (Male) |
| 5:03 | Crear | Villager (Male) |
| 5:03 | Crear | Villager (Male) |
| 5:24 | Crear | Villager (Male) |
| 5:24 | Crear | Villager (Male) |
| 5:24 | Crear | Villager (Male) |
| 6:01 | Investigar | Loom |
| 6:19 | Crear | Villager (Male) |
| 6:19 | Crear | Villager (Male) |
| 6:19 | Crear | Villager (Male) |
| 6:40 | Crear | Villager (Male) |
| 6:40 | Crear | Villager (Male) |
| 6:43 | Crear | Villager (Male) |
| 7:03 | Crear | Villager (Male) |
| 7:03 | Crear | Villager (Male) |
| 7:22 | Construir | Lumber Camp |
| 7:46 | Crear | Villager (Male) |
| 7:46 | Crear | Villager (Male) |
| 7:52 | Construir | House |
| 8:02 | Crear | Villager (Male) |
| 8:31 | Construir | Mill |
| 9:00 | Investigar | Feudal Age |
| 9:00 | Investigar | Feudal Age |
| 9:31 | Construir | House |
| 9:32 | Construir | Palisade Wall |
| 9:37 | Construir | Palisade Wall |
| 9:48 | Construir | Palisade Wall |
| 9:50 | Construir | Palisade Wall |
| 10:58 | Construir | Mining Camp |
| 11:10 | Edad | Edad Feudal |
| 11:10 | Crear | Villager (Male) |
| 11:11 | Crear | Villager (Male) |
| 11:18 | Construir | Palisade Wall |
| 11:22 | Construir | Palisade Wall |
| 11:28 | Construir | House |
| 11:33 | Crear | Villager (Male) |
| 11:49 | Crear | Villager (Male) |
| 11:54 | Construir | Archery Range |
| 11:58 | Construir | Archery Range |
| 12:08 | Crear | Villager (Male) |
| 12:08 | Crear | Villager (Male) |
| 12:11 | Construir | Farm |
| 12:12 | Construir | Farm |
| 12:13 | Investigar | Double-Bit Axe |
| 12:14 | Crear | Villager (Male) |
| 12:26 | Construir | House |
| 12:29 | Crear | Villager (Male) |
| 12:31 | Construir | Farm |
| 12:33 | Construir | Farm |
| 12:51 | Construir | House |
| 12:52 | Construir | House |
| 12:54 | Crear | Archer |
| 12:54 | Crear | Archer |
| 12:54 | Crear | Archer |
| 12:56 | Crear | Archer |
| 12:57 | Crear | Archer |
| 13:04 | Construir | Palisade Wall |
| 13:07 | Crear | Archer |
| 13:08 | Crear | Archer |
| 13:24 | Crear | Villager (Male) |
| 13:35 | Crear | Archer |
| 13:35 | Crear | Archer |
| 13:56 | Crear | Archer |
| 13:56 | Crear | Archer |
| 13:57 | Crear | Villager (Male) |
| 13:57 | Crear | Villager (Male) |
| 13:57 | Crear | Villager (Male) |
| 13:58 | Crear | Villager (Male) |
| 14:04 | Crear | Archer |
| 14:04 | Crear | Archer |
| 14:29 | Crear | Archer |
| 14:29 | Crear | Archer |
| 14:39 | Construir | Blacksmith |
| 14:40 | Crear | Villager (Male) |
| 14:40 | Crear | Villager (Male) |
| 14:43 | Crear | Archer |
| 14:43 | Crear | Archer |
| 14:43 | Crear | Archer |
| 15:01 | Crear | Villager (Male) |
| 15:01 | Crear | Villager (Male) |
| 15:04 | Construir | Farm |
| 15:14 | Construir | Lumber Camp |
| 15:31 | Investigar | Fletching |
| 15:32 | Construir | Farm |
| 15:39 | Crear | Archer |
| 15:41 | Crear | Archer |
| 15:45 | Investigar | Man-at-Arms (upgrade) |
| 15:45 | Investigar | Man-at-Arms (upgrade) |
| 15:52 | Crear | Villager (Male) |
| 15:52 | Crear | Villager (Male) |
| 15:56 | Construir | House |
| 16:23 | Crear | Archer |
| 16:23 | Crear | Archer |
| 16:23 | Crear | Archer |
Build order — Minh Anh
121 acciones detectadas en el replay
| 0:00 | Crear | Villager (Male) |
| 0:01 | Crear | Villager (Male) |
| 0:01 | Crear | Villager (Male) |
| 0:01 | Crear | Villager (Male) |
| 0:02 | Construir | House |
| 0:04 | Construir | House |
| 1:26 | Crear | Villager (Male) |
| 1:27 | Crear | Villager (Male) |
| 1:59 | Crear | Villager (Male) |
| 2:14 | Crear | Villager (Male) |
| 2:33 | Construir | Lumber Camp |
| 2:49 | Crear | Villager (Male) |
| 3:20 | Crear | Villager (Male) |
| 3:20 | Crear | Villager (Male) |
| 3:20 | Crear | Villager (Male) |
| 3:20 | Crear | Villager (Male) |
| 3:55 | Crear | Villager (Male) |
| 3:58 | Crear | Villager (Male) |
| 3:58 | Crear | Villager (Male) |
| 4:03 | Construir | House |
| 4:40 | Construir | Palisade Wall |
| 4:48 | Crear | Villager (Male) |
| 4:48 | Crear | Villager (Male) |
| 4:49 | Crear | Villager (Male) |
| 4:49 | Crear | Villager (Male) |
| 5:53 | Construir | Barracks |
| 5:58 | Crear | Villager (Male) |
| 6:01 | Investigar | Loom |
| 6:41 | Construir | Palisade Wall |
| 6:43 | Construir | Palisade Wall |
| 6:44 | Construir | Palisade Wall |
| 6:56 | Investigar | Feudal Age |
| 7:00 | Construir | Palisade Wall |
| 7:13 | Construir | Palisade Wall |
| 7:25 | Construir | Palisade Wall |
| 7:26 | Construir | Palisade Wall |
| 7:30 | Crear | Villager (Male) |
| 7:41 | Construir | Palisade Wall |
| 7:46 | Crear | Villager (Male) |
| 8:00 | Investigar | Double-Bit Axe |
| 8:00 | Investigar | Double-Bit Axe |
| 8:01 | Crear | Militia |
| 8:02 | Crear | Militia |
| 8:02 | Crear | Militia |
| 8:20 | Crear | Villager (Male) |
| 8:28 | Crear | Militia |
| 8:28 | Crear | Militia |
| 8:28 | Crear | Militia |
| 8:30 | Construir | House |
| 8:45 | Crear | Villager (Male) |
| 8:48 | Crear | Villager (Male) |
| 8:57 | Crear | Militia |
| 8:58 | Crear | Militia |
| 9:06 | Edad | Edad Feudal |
| 9:14 | Investigar | Bow Saw |
| 9:14 | Investigar | Bow Saw |
| 9:15 | Investigar | Bow Saw |
| 9:23 | Construir | House |
| 9:30 | Crear | Villager (Male) |
| 9:52 | Construir | Mill |
| 9:58 | Crear | Villager (Male) |
| 10:06 | Crear | Villager (Male) |
| 10:36 | Construir | Farm |
| 10:37 | Construir | Farm |
| 10:43 | Crear | Villager (Male) |
| 11:00 | Construir | House |
| 11:04 | Construir | Palisade Wall |
| 11:22 | Crear | Villager (Male) |
| 11:31 | Construir | Farm |
| 11:31 | Construir | Farm |
| 11:38 | Crear | Villager (Male) |
| 11:38 | Crear | Villager (Male) |
| 11:51 | Construir | Farm |
| 11:59 | Crear | Villager (Male) |
| 12:08 | Construir | House |
| 12:10 | Construir | Palisade Wall |
| 12:15 | Construir | Farm |
| 12:16 | Crear | Villager (Male) |
| 12:16 | Crear | Villager (Male) |
| 12:17 | Crear | Villager (Male) |
| 12:38 | Crear | Villager (Male) |
| 12:41 | Crear | Villager (Male) |
| 12:41 | Crear | Villager (Male) |
| 12:44 | Construir | Farm |
| 12:51 | Crear | Villager (Male) |
| 12:53 | Crear | Villager (Male) |
| 12:54 | Crear | Villager (Male) |
| 12:54 | Crear | Villager (Male) |
| 12:56 | Construir | House |
| 12:58 | Construir | Palisade Wall |
| 12:59 | Construir | Palisade Wall |
| 13:09 | Crear | Villager (Male) |
| 13:09 | Crear | Villager (Male) |
| 13:10 | Crear | Villager (Male) |
| 13:19 | Construir | House |
| 13:22 | Construir | Palisade Wall |
| 13:29 | Crear | Villager (Male) |
| 13:31 | Crear | Villager (Male) |
| 13:31 | Crear | Villager (Male) |
| 13:31 | Crear | Villager (Male) |
| 13:32 | Crear | Villager (Male) |
| 13:47 | Construir | Archery Range |
| 13:55 | Crear | Villager (Male) |
| 14:01 | Construir | Farm |
| 14:22 | Crear | Villager (Male) |
| 14:30 | Construir | Palisade Wall |
| 14:39 | Crear | Skirmisher |
| 14:40 | Crear | Skirmisher |
| 14:43 | Construir | Farm |
| 14:49 | Construir | Farm |
| 14:53 | Crear | Skirmisher |
| 15:02 | Crear | Villager (Male) |
| 15:04 | Crear | Villager (Male) |
| 15:09 | Crear | Archer |
| 15:13 | Construir | Mining Camp |
| 15:27 | Crear | Villager (Male) |
| 15:36 | Construir | Farm |
| 15:37 | Construir | Farm |
| 15:42 | Crear | Villager (Male) |
| 16:06 | Crear | Skirmisher |
| 16:23 | Construir | House |
Cronología de la partida
| 2:12 | DGHIR | chanchilaru · first_building Barracks |
| 4:40 | Minh Anh · wall_segment Palisade Wall x1 |
| 5:53 | Minh Anh · first_building Barracks |
| 6:41 | Minh Anh · wall_segment Palisade Wall x1 |
| 6:43 | Minh Anh · wall_segment Palisade Wall x1 |
| 6:44 | Minh Anh · wall_segment Palisade Wall x1 |
| 7:00 | Minh Anh · wall_segment Palisade Wall x1 |
| 7:13 | Minh Anh · wall_segment Palisade Wall x1 |
| 7:25 | Minh Anh · wall_segment Palisade Wall x1 |
| 7:26 | Minh Anh · wall_segment Palisade Wall x1 |
| 7:41 | Minh Anh · wall_segment Palisade Wall x1 |
| 9:06 | Minh Anh · age_up feudal |
| 9:32 | DGHIR | chanchilaru · wall_segment Palisade Wall x1 |
| 9:37 | DGHIR | chanchilaru · wall_segment Palisade Wall x5 |
| 9:48 | DGHIR | chanchilaru · wall_segment Palisade Wall x11 |
| 9:50 | DGHIR | chanchilaru · wall_segment Palisade Wall x5 |
| 11:04 | Minh Anh · wall_segment Palisade Wall x4 |
| 11:10 | DGHIR | chanchilaru · age_up feudal |
| 11:18 | DGHIR | chanchilaru · wall_segment Palisade Wall x1 |
| 11:22 | DGHIR | chanchilaru · wall_segment Palisade Wall x1 |
| 11:54 | DGHIR | chanchilaru · first_building Archery Range |
| 12:10 | Minh Anh · wall_segment Palisade Wall x6 |
| 12:58 | Minh Anh · wall_segment Palisade Wall x14 |
| 12:59 | Minh Anh · wall_segment Palisade Wall x1 |
| 13:04 | DGHIR | chanchilaru · wall_segment Palisade Wall x1 |
| 13:22 | Minh Anh · wall_segment Palisade Wall x3 |
| 13:47 | Minh Anh · first_building Archery Range |
| 14:30 | Minh Anh · wall_segment Palisade Wall x1 |
| 16:35 | Minh Anh · resign |
[ ANÁLISIS IA · 1 CRÉDITO ]
¿Qué pasó realmente en esta partida?
Wolo.gg analiza cada decisión: build order, eco, micro, errores típicos por bracket. Análisis personalizado por WhatsApp o Discord en 30 segundos.
Guía civ
Drávidas
Perfil
Chanchilaru